 Dungeon Crawl Stone Soup version 0.31.0-1-g2c135a008e (webtiles) character file.

Game seed: 3466511993404046836

60 qw the Shooter (level 4, 0/35 HPs)
             Began as a Djinni Hunter on Jan 23, 2024.
             Slain by Terence
             ... wielding a +0 short sword
              (2 damage)
             ... on level 2 of the Dungeon.
             The game lasted 00:00:04 (1468 turns).

qw the Shooter (Djinni Hunter)                      Turns: 1468, Time: 00:00:05

Health: 0/35       AC:  5    Str: 10    XL:     4   Next: 24%
Gold:   125        EV: 11    Int: 10    God:
                   SH:  0    Dex: 19

rFire   + + .        a - +0 shortbow
rCold   x . .        (shield currently unavailable)
rNeg    . . .        e - +0 ring mail
rPois   inf          (no helmet)
rElec   .            (no cloak)
rCorr   .            (no gloves)
SInv    .            (boots unavailable)
Will    .....        (no amulet)
Stlth   +            (no ring)
HPRegen 0.25/turn    (no ring)
MPRegen 0.00/turn

%: infuse magic (-1 HP)
@: flying
A: sickness immunity, fire resistance 2, cold vulnerability 1, float, innate
caster, HP casting, extra vitality 1
a: no special abilities


You were on level 2 of the Dungeon.
You visited 1 branch of the dungeon, and saw 2 of its levels.

You collected 125 gold pieces.


Innate Abilities, Weirdness & Mutations

You are immune to sickness and miasma.
You are immune to poison.
Your flesh is very heat resistant. (rF++)
You are vulnerable to cold. (rC-)
You float through the air rather than walking.
You learn spells naturally, not from books.
Your magical power is your life essence.
You have superior vitality. (+4 MHP)


   Skills:
 - Level 3.0 Fighting
 + Level 4.0 Ranged Weapons
 - Level 1.0 Armour
 - Level 2.1 Dodging
 - Level 0.7 Stealth


You knew the following spells:

 Your Spells              Type           Power      Damage    Failure   Level
a - Sandblast             Erth           0%         2d4       67%         1
Your spell library was empty.

Inventory:

Hand Weapons
 a - a +0 shortbow (weapon)
Armour
 e - a +0 ring mail (worn)
Jewellery
 b - a ring of protection from fire
 d - a ring of resist corrosion
Scrolls
 c - a scroll of acquirement {unknown}
 h - a scroll of identify {unknown}
 l - a scroll of teleportation {unknown}
Potions
 f - a potion of lignification {unknown}
 g - a potion of haste {unknown}
 i - a potion of heal wounds {unknown}
 j - a potion of mutation {unknown}
 k - a potion of cancellation {unknown}

Dungeon Overview and Level Annotations

Branches:
Dungeon (2/15)

Altars:

Annotations:
D:2 1 runed translucent door, Crazy Yiuf, Terence


Message History

You shoot an arrow. The arrow barely misses Terence.
Terence hits you but does no damage.
You shoot an arrow.
The arrow hits Terence but does no damage.
Terence is moderately wounded.
Terence hits you but does no damage.
You shoot an arrow. The arrow hits Terence.
Terence is heavily wounded.
Terence barely misses you. Terence hits you with a +0 short sword.
You shoot an arrow.
The arrow hits Terence but does no damage.
Terence is heavily wounded.
Terence hits you with a +0 short sword.
You shoot an arrow. The arrow barely misses Terence.
Terence hits you with a +0 short sword.
You shoot an arrow. The arrow closely misses Terence.
Terence hits you with a +0 short sword. x2
You shoot an arrow.
The arrow hits Terence but does no damage.
Terence is heavily wounded.
Terence hits you but does no damage.
You shoot an arrow. The arrow closely misses Terence.
Terence barely misses you.
You shoot an arrow. The arrow barely misses Terence.
Terence hits you but does no damage. x2
You shoot an arrow. The arrow closely misses Terence.
Terence closely misses you.
You shoot an arrow.
The arrow hits Terence but does no damage.
Terence is heavily wounded.
Terence hits you with a +0 short sword. Terence closely misses you.
You shoot an arrow. The arrow hits Terence.
Terence is severely wounded.
Terence hits you with a +0 short sword.
You shoot an arrow. The arrow barely misses Terence.
Terence closely misses you.
You shoot an arrow. The arrow closely misses Terence.
Terence hits you with a +0 short sword. x2
You die...
Terence says, "That felt goooood."

#.......###
#...)......
#.......### ###...###
####...## ##....#..#
####### ##..###.#.#
(......####.......#.#
...%..@@.......####.#
)#######.##.....###.#
...
######.#.......##.#
#.#
#..)...........##.#
#.#
#.####.#.......##.#
#.# #.#
#.##.....###.## ##.##
#.# #%###...###.#.##
#...# #.#
#.###.####.###%#
....# #.# #.##.## ###
###


You could see Terence.

Vanquished Creatures
  2 adders (D:2)
  4 ball pythons
  3 endoplasms
  4 giant cockroaches
  3 goblins
  4 hobgoblins
  4 jackals (D:2)
  A quokka (D:2)
  5 bats
  A frilled lizard (D:1)
  3 kobolds (D:1)
  6 rats
40 creatures vanquished.

Notes
Turn   | Place    | Note
-------+----------+-------------------------------------------
     0 | D:1      | qw the Djinni Hunter began the quest for the Orb.
     0 | D:1      | Reached XP level 1. HP: 18/18 MP: 0/0
     0 | D:1      | 0 ||| qw: Version: 0.3-a-136-gdd3b4e8
     0 | D:1      | 0 ||| qw: Game counter: 1098
     0 | D:1      | 0 ||| qw: Melee chars always use a shield: true
     0 | D:1      | 0 ||| qw: God list: Okawaru
     0 | D:1      | 0 ||| qw: Allow faded altars: false
     0 | D:1      | 0 ||| qw: Do Orc after clearing Dungeon:15 true
     0 | D:1      | 0 ||| qw: Do second Lair branch before Depths: true
     0 | D:1      | 0 ||| qw: Lair rune preference: random
     0 | D:1      | 0 ||| qw: Goals: Normal
     0 | D:1      | 0 ||| PLANNING D:1-11
   251 | D:1      | Reached XP level 2. HP: 23/23 MP: 0/0
   585 | D:1      | 585 ||| UPGRADING to +0 ring mail.
   612 | D:1      | 612 ||| DROPPING +0 leather armour.
   741 | D:1      | 741 ||| READING scroll labelled XUCA SEAGAK.
   741 | D:1      | 741 ||| ENCHANTING +0 shortbow.
   742 | D:1      | 742 ||| READING scroll labelled GUTEKHL FYGHU.
   743 | D:1      | 743 ||| DROPPING scroll of butterflies.
   849 | D:2      | Found a faded altar of an unknown god.
   909 | D:2      | Reached skill level 4 in Ranged Weapons
   909 | D:2      | Reached XP level 3. HP: 28/28 MP: 0/0
   909 | D:2      | Learned a level 1 spell: Sandblast
   995 | D:2      | Reached skill level 1 in Armour
  1150 | D:2      | Reached XP level 4. HP: 34/34 MP: 0/0
  1417 | D:2      | Found a runed translucent door.
  1418 | D:2      | Noticed Crazy Yiuf
  1439 | D:2      | Noticed Terence
  1452 | D:2      | Reached skill level 3 in Fighting
  1465 | D:2      | HP: 8/35 [Terence/+0 short sword (3)]
  1468 | D:2      | HP: 2/35 [Terence/+0 short sword (3)]
  1468 | D:2      | Slain by Terence

Levels and vault maps discovered:
D:1:      dpeg_arrival_round_b, layout_basic, roderic_roman_lattice,
          chequers_serial_rivers_small_a,
          nicolae_concentric_dashed_squares_wild, hangedman_feature_mirror
D:2:      layout_loops_ring, chequers_ecumenical_altar_simple,
          uniq_crazy_yiuf_cottage, uniq_terence

Skill      XL: |  1  2  3  4 |
---------------+-------------+-----
Ranged Weapons | 4 |  4.0
Armour         | 1 |  1.0
Fighting       | 3 |  3.0
Dodging        | |  2.1
Stealth        | |  0.7

Action                     |  1- 3 |  4- 6 || total
---------------------------+-------+-------++-------
   Fire: Shortbow          |    76 |    44 ||   120
    Use: Scroll            |     2 |       ||     2
 Armour: Leather armour    |     7 |       ||     7
         Ring mail         |    15 |    30 ||    45
         Skin              |     2 |       ||     2
  Dodge: Dodged            |    34 |    18 ||    52

Table legend:
 A = Non-vault XP
 B = Vault XP
 C = Vault XP percentage of total XP
 D = Non-vault monster count
 E = Vault monster count
 F = Vault count percentage of total count
                 A         B        C        D         E       F
            +---------+---------+-------+---------+---------+-------
      Total |      84 |       2 |   2.3 |      38 |       2 |   5.0
            +---------+---------+-------+---------+---------+-------
        D:1 |      20 |       2 |   9.1 |      15 |       2 |  11.8
        D:2 |      64 |       0 |   0.0 |      23 |       0 |   0.0
            +---------+---------+-------+---------+---------+-------
